 Dungeon Crawl Stone Soup version 0.28-a0-643-g84cb2ea78e (webtiles) character file.

Game seed: 13008754141345369978

8022 cheechan the Covert (level 11, -20/72 HPs)
             Began as an Octopode Warper on Oct 10, 2021.
             Was an Initiate of Ru.
             Shot with an arrow by a centaur warrior (33 damage)
             ... on level 9 of the Dungeon.
             The game lasted 01:00:19 (13032 turns).

cheechan the Covert (Octopode Warper)              Turns: 13032, Time: 01:00:20

Health: -20/72     AC:  1    Str: 21    XL:     11   Next: 24%
Magic:  16/16      EV: 20    Int: 27    God:    Ru [......]
Gold:   437        SH:  5    Dex: 18    Spells: 3/17 levels left

rFire   + . .      SeeInvis .   A - +6 quarterstaff of Perversion {flame, rCorr Str+3 Dex+4}
rCold   . . .      Faith    .   (shield currently unavailable)
rNeg    + . .      Spirit   .   (helmet restricted)
rPois   +          Reflect  +   h - amulet of reflection
rElec   .          Harm     .   e - ring "Ohaf" {rF+ Will+ EV+4 Str+4}
rCorr   +          Rampage  .   p - ring of Absolutism {rPois Will++ Str-2 Int+6 Slay+2}
Will    +++..                   q - ring of Megalomania {rPois rN+ Str+4}
Stlth   +++++++...              U - +6 ring of intelligence
HPRegen 0.22/turn               (no ring)
MPRegen 0.15/turn               (no ring)
                                (no ring)
                                (no ring)

@: no status effects
A: almost no armour, amphibious, 8 rings, camouflage 1, gelatinous body 1,
(nimble swimmer 1), tentacles, MP-powered wands
a: Renounce Religion, Sacrifice Purity, Sacrifice an Eye, Sacrifice Skill,
Reject Sacrifices


You were on level 9 of the Dungeon.
You worshipped Ru.
Ru was noncommittal.
You visited 3 branches of the dungeon, and saw 11 of its levels.

You collected 437 gold pieces.

Inventory:

Hand Weapons
 i - a +2 dagger of venom
 r - a +0 spectral rapier
 s - a +2 flail of protection
 u - a +2 whip of freezing
 A - the +6 quarterstaff of Perversion (weapon) {flame, rCorr Str+3 Dex+4}
   (You found it on level 6 of the Dungeon)

   It burns those it strikes, dealing additional fire damage.
   Str:       It affects your strength (+3).
   Dex:       It affects your dexterity (+4).
   rCorr:     It protects you from acid and corrosion.
 C - a +0 shortbow
 F - a +1 whip of electrocution
 I - a +4 quarterstaff of chaos
 K - a +3 mace of freezing
 Q - a +3 war axe
Missiles
 d - 8 boomerangs
 g - 220 stones
 l - 134 arrows
 n - 33 sling bullets
 t - 2 throwing nets
 z - 33 bolts
 E - 5 javelins
 G - 18 poisoned darts (quivered)
 N - a curare-tipped dart
Armour
 c - +0 steam dragon scales
Jewellery
 e - the ring "Ohaf" (left tentacle) {rF+ Will+ EV+4 Str+4}
   (You acquired it on level 1 of the Dungeon)

   [ring of evasion]

   EV:        It affects your evasion (+4).
   Str:       It affects your strength (+4).
   rF:        It protects you from fire.
   Will:      It increases your willpower.
 h - an amulet of reflection (around mantle)
 j - an amulet of guardian spirit
 p - the ring of Absolutism (right tentacle) {rPois Will++ Str-2 Int+6 Slay+2}
   (You acquired it on level 4 of the Dungeon)

   [ring of intelligence]

   Str:       It affects your strength (-2).
   Int:       It affects your intelligence (+6).
   Slay:      It affects your accuracy & damage with ranged weapons and melee
   (+2).
   rPois:     It protects you from poison.
   Will:      It greatly increases your willpower.
 q - the ring of Megalomania (on tentacle) {rPois rN+ Str+4}
   (You acquired it on level 5 of the Dungeon)

   [ring of poison resistance]

   Str:       It affects your strength (+4).
   rPois:     It protects you from poison.
   rN:        It protects you from negative energy.
 y - an amulet of magic regeneration
 U - a +6 ring of intelligence (on tentacle)
Wands
 w - a wand of charming (14)
 M - a wand of polymorph (5)
 T - a wand of mindburst (15)
Scrolls
 b - a scroll of blinking
 k - 3 scrolls of teleportation
 x - 3 scrolls of amnesia
 L - a scroll of fog
Potions
 a - a potion of curing
 f - a potion of brilliance
 o - 2 potions of might
 v - a potion of magic
 B - a potion of berserk rage {unknown}
 H - a potion of degeneration {unknown}
 O - a potion of flight {unknown}
 R - a potion of haste {unknown}


   Skills:
 + Level 5.5 Fighting
 + Level 4.1 Short Blades
 + Level 0.9(3.9) Maces & Flails
 + Level 4.5(6.0) Polearms
 + Level 6.1(6.8) Staves
 + Level 3.6 Throwing
 + Level 6.0 Dodging
 * Level 14.5 Stealth
 + Level 2.7 Shields
 + Level 3.5 Spellcasting
 + Level 5.0 Translocations


You had 3 spell levels left.
You knew the following spells:

 Your Spells              Type           Power      Damage    Failure   Level
a - Blink                 Tloc           N/A        N/A       1%          2
b - Teleport Other        Tloc           32%        N/A       3%          3
c - Spider Form           Tmut/Pois      2%         N/A       26%         3
d - Apportation           Tloc           64%        N/A       1%          1
e - Gell's Gravitas       Tloc           16%        N/A       3%          3
f - Beastly Appendage     Tmut           8%         N/A       9%          1
g - Animate Skeleton      Necr           8%         N/A       9%          1

Your spell library contained the following spells:

 Spells                   Type           Power      Damage    Failure   Level
 Lesser Beckoning         Tloc           32%        N/A       3%          3
 Summon Small Mammal      Summ           16%        N/A       9%          1
 Ensorcelled Hibernation  Hex/Ice        8%         N/A       13%         2
 Wereblood                Tmut           4%         N/A       13%         2
 Ozocubu's Armour         Ice            4%         N/A       26%         3
 Manifold Assault         Tloc           32%        N/A       28%         5
 Dispersal                Tloc           16%        N/A       85%         6
 Metabolic Englaciation   Hex/Ice        2%         N/A       93%         5
 Simulacrum               Ice/Necr       2%         N/A       100%        6


Dungeon Overview and Level Annotations

Branches:
Dungeon (9/15)             Temple (1/1) D:6            Lair (1/6) D:9
    Orc: D:9-12

Altars:
Ashenzari
Cheibriados
Dithmenos
Elyvilon
Kikubaaqudgha
Nemelex Xobeh
Okawaru
Qazlal
Ru
Sif Muna
Trog
Vehumet
Wu Jian
Xom
Yredelemnul
Zin
The Shining One
Lugonu


Innate Abilities, Weirdness & Mutations

You cannot wear most types of armour.
You are amphibious.
You can wear up to eight rings at the same time.
Your skin changes colour to match your surroundings (Stealth+).
Your rubbery body absorbs attacks. (AC +1, EV +1)
((You are camouflaged near water. (Stealth+)))
You have tentacles for arms and can constrict up to eight enemies at once.
You expend magic power (3 MP) to strengthen your wands.


Message History

You sock the yak! You burn the yak.
The yak is heavily wounded.
Throw: 19 darts (poison)
Press: ? - help, Q - select action, (/) - cycle Shift-Dir - straight line, f - centaur warrior, p - yak
Aim: a centaur warrior, wielding a +0 longbow and quivering arrows (72% to hit)
You throw a poisoned dart.
The poisoned dart closely misses the centaur warrior.
The centaur warrior unwields a +0 longbow.
The centaur warrior hits you! The centaur warrior kicks you.
You sock the yak! You burn the yak.
You kill the yak!
You block the centaur warrior's attack. The centaur warrior kicks you.
The centaur warrior hits you! The centaur warrior misses you.
You sock the yak! You burn the yak. You squeeze the yak!
The yak is severely wounded.
The centaur warrior hits you!
The centaur warrior kicks you but does no damage.
The yak misses you.
The centaur warrior wields a +0 longbow.
The centaur warrior shoots an arrow.
The arrow completely misses you. The yak barely misses you.
The yak looks more healthy.
You kill the yak!
Your Staves skill increases to level 6!
You hit the yak. You burn the yak. You squeeze the yak!
The yak is moderately wounded.
The yak gores you!
You sock the yak! You burn the yak.
The yak is severely wounded.
The yak completely misses you.
You thump the yak! You burn the yak.
You kill the yak!
The centaur warrior shoots an arrow.
The arrow completely misses you.
The centaur warrior shoots an arrow.
The arrow hits you!!
* * * LOW HITPOINT WARNING * * *
The centaur warrior shoots an arrow.
You reflect the arrow off an invisible shield around you!
The arrow barely misses the centaur warrior.
The centaur warrior shoots an arrow.
The arrow hits you!!
You die...

#.# #'####.### #.##
#..##.##(# #..#
#####...##... ##.#
#......##.†#. ######'##
#.....##..### #.......#
#....##..##[# #.......#
#####...##..##..:
#.>.....####..cY..##..##...#
#.......'..@.###.##..##K.#+#
#.......###### #....##K.##..
#####'### #...##9K##=.. #.##
###..##..##:# #..#
#)#.##..### ####.######
#)##.##..#. #.........#
##'###.##... #.........#
###...# #.##.#
#.........###.'.#.# #.##


You could see a centaur warrior and a yak.

Vanquished Creatures
  A two-headed ogre (D:9)
  The ghost of Shard1697 the Thaumaturge, a novice DjIE (D:7)
  Pikel (D:5)
  The ghost of MisterAzrael the Skirmisher, a novice HOFi (D:4)
  A troll (D:9)
  Grinder (D:4)
  A wraith (D:5)
  5 wyverns
  8 yaks
  A basilisk (D:9)
  A steam dragon (D:9)
  5 water moccasins
  2 ice beasts
  5 sky beasts
  A black bear (D:6)
  3 necrophages
  2 ogres
  2 lemures (D:5)
  A centaur (D:7)
  A phantom (D:6)
  4 kobold brigands
  A bullfrog (D:6)
  2 scorpions
  A wyvern skeleton (D:5)
  7 wights (D:8)
  A howler monkey (D:5)
  A centaur zombie (D:6)
  3 jellies
  2 centaur skeletons (D:6)
  2 bullfrog skeletons (D:5)
  Crazy Yiuf (D:7)
  7 iguanas
  3 orc wizards
  A killer bee zombie (D:7)
  4 howler monkey zombies
  A gnoll (D:1)
  9 adders
  A shadow imp (D:5)
  An adder skeleton (D:4)
  3 worms
  19 orcs
  5 ball pythons
  6 endoplasms
  4 giant cockroaches
  9 goblins
  6 hobgoblins
  21 kobolds
  2 quokkas
  2 bats
  2 frilled lizards
  5 rats
180 creatures vanquished.

Vanquished Creatures (others)
  9 fungi
  32 plants
41 creatures vanquished.

Grand Total: 221 creatures vanquished

Notes
Turn   | Place    | Note
-------+----------+-------------------------------------------
     0 | D:1      | cheechan the Octopode Warper began the quest for the Orb.
     0 | D:1      | Reached XP level 1. HP: 14/14 MP: 3/3
   110 | D:1      | Reached XP level 2. HP: 7/19 MP: 5/5
   317 | D:1      | Identified a scroll of acquirement
   317 | D:1      | Acquired the ring "Ohaf" {rF+ Will+ EV+4 Str+4}
   547 | D:1      | Learned a level 2 spell: Blink
  1146 | D:1      | Found a faded altar of an unknown god.
  1325 | D:2      | Reached XP level 3. HP: 21/24 MP: 6/6
  1384 | D:2      | Reached skill level 1 in Stealth
  1520 | D:2      | Gained mutation: You do not regenerate when monsters are
                  | visible. [potion of mutation]
  1520 | D:2      | Gained mutation: You are strong-willed. (Will+) [potion of
                  | mutation]
  1520 | D:2      | Gained mutation: You are robust. (+10% HP) [potion of
                  | mutation]
  1848 | D:2      | Reached XP level 4. HP: 22/33 MP: 7/7
  2793 | D:3      | Reached skill level 2 in Stealth
  2871 | D:3      | Learned a level 3 spell: Teleport Other
  3586 | D:3      | Found a glowing silver altar of Zin.
  3587 | D:3      | Found a white marble altar of Elyvilon.
  3589 | D:3      | Found a glowing golden altar of the Shining One.
  3731 | D:4      | Noticed a scorpion
  3737 | D:4      | Killed a scorpion
  3738 | D:4      | Reached skill level 3 in Stealth
  3738 | D:4      | Reached XP level 5. HP: 33/38 MP: 8/8
  3782 | D:4      | Acquired the ring of Absolutism {rPois Will++ Str-2 Int+6
                  | Slay+2}
  3808 | D:4      | Lost mutation: You are strong-willed. (Will+) [potion of
                  | mutation]
  3808 | D:4      | Lost mutation: You do not regenerate when monsters are
                  | visible. [potion of mutation]
  3808 | D:4      | Lost mutation: You are robust. (+10% HP) [potion of
                  | mutation]
  3808 | D:4      | Gained mutation: You expend magic power (3 MP) to
                  | strengthen your wands. [potion of mutation]
  3846 | D:4      | Noticed a necrophage
  3851 | D:4      | Killed a necrophage
  3852 | D:4      | Reached skill level 4 in Stealth
  3852 | D:4      | Reached XP level 6. HP: 37/41 MP: 9/9
  4027 | D:4      | Found a runed translucent door.
  4028 | D:4      | Noticed MisterAzrael's ghost (novice HOFi)
  4041 | D:4      | Killed MisterAzrael's ghost
  4042 | D:4      | Reached skill level 1 in Short Blades
  4042 | D:4      | Reached skill level 6 in Stealth
  4042 | D:4      | Reached skill level 1 in Shields
  4042 | D:4      | Reached XP level 7. HP: 45/46 MP: 10/10
  4060 | D:4      | Reached skill level 7 in Stealth
  4276 | D:4      | Noticed Grinder
  4283 | D:4      | Killed Grinder
  4284 | D:4      | Reached skill level 8 in Stealth
  4284 | D:4      | Reached XP level 8. HP: 45/52 MP: 11/11
  4336 | D:4      | Found a basalt altar of Yredelemnul.
  4780 | D:5      | Entered Level 5 of the Dungeon
  4792 | D:5      | Reached skill level 9 in Stealth
  4927 | D:5      | Noticed Pikel
  4987 | D:5      | Noticed a wraith
  5064 | D:5      | Killed Pikel
  5065 | D:5      | Reached skill level 10 in Stealth
  5240 | D:5      | Killed a wraith
  5241 | D:5      | Reached skill level 11 in Stealth
  5241 | D:5      | Reached XP level 9. HP: 39/58 MP: 12/12
  5350 | D:6      | Acquired the ring of Megalomania {rPois rN+ Str+4}
  5824 | D:5      | Learned a level 3 spell: Spider Form
  6121 | D:6      | Identified the +6 quarterstaff of Perversion {flame, rCorr
                  | Str+3 Dex+4}
  6144 | D:6      | Reached skill level 12 in Stealth
  6203 | D:6      | You fall into a shaft and drop 1 floor!
  6216 | D:7      | Found a sacrificial altar of Ru.
  6241 | D:7      | Became a worshipper of Ru the Awakened
  6355 | D:7      | Reached skill level 1 in Staves
  6456 | D:7      | Found a runed translucent gate.
  6457 | D:7      | Found a runed translucent gate.
  6458 | D:7      | Found a runed translucent gate.
  6912 | D:6      | Found a staircase to the Ecumenical Temple.
  6925 | Temple   | Entered the Ecumenical Temple
  7265 | D:6      | Reached XP level 10. HP: 65/65 MP: 13/13
  7468 | D:7      | Noticed Shard1697's ghost (novice DjIE)
  7518 | D:7      | Reached skill level 5 in Dodging
  7518 | D:7      | Reached skill level 13 in Stealth
  9398 | D:7      | Killed Shard1697's ghost
  9399 | D:7      | Reached skill level 5 in Fighting
  9595 | D:7      | Learned a level 1 spell: Apportation
  9599 | D:7      | Learned a level 3 spell: Gell's Gravitas
  9601 | D:7      | Learned a level 1 spell: Beastly Appendage
  9603 | D:7      | Learned a level 1 spell: Animate Skeleton
  9606 | D:7      | Found a snail-covered altar of Cheibriados.
  9607 | D:7      | Found a sparkling altar of Nemelex Xobeh.
  9610 | D:7      | Found a bloodstained altar of Trog.
  9842 | D:7      | Found a runed translucent door.
  9843 | D:7      | Noticed Crazy Yiuf
  9850 | D:7      | Killed Crazy Yiuf
 10002 | D:8      | Found a broken altar of Ashenzari.
 10037 | D:8      | Found a shadowy altar of Dithmenos.
 11022 | D:9      | HP: 2/66 [wyvern (16)]
 11590 | D:9      | Found a staircase to the Lair.
 11655 | Lair:1   | Entered Level 1 of the Lair of Beasts
 11832 | D:9      | Reached skill level 5 in Staves
 12016 | D:9      | Reached skill level 14 in Stealth
 12244 | D:9      | Noticed a centaur warrior
 12585 | D:9      | Noticed a two-headed ogre
 12594 | D:9      | Killed a two-headed ogre
 12595 | D:9      | Reached XP level 11. HP: 34/72 MP: 16/16
 12855 | D:9      | Reached skill level 5 in Translocations
 12856 | D:9      | Found a shimmering blue altar of Sif Muna.
 13032 | D:9      | Shot with an arrow by a centaur warrior

Illustrated notes

Levels and vault maps discovered:
D:1:      dpeg_arrival_three_smaller_balls, layout_basic, serial_forest,
          infiniplex_forest_clump_long, infiniplex_forest_clump_diagonal,
          infiniplex_forest_clump_C, infiniplex_forest_end_2,
          infiniplex_forest_clump_large, infiniplex_forest_clump_long,
          infiniplex_forest_end_1, ebering_ecumenical_altar_box
D:2:      layout_rooms
D:3:      layout_loops_corners, good_gods_temple_1
D:4:      black_bear_nest_2, layout_loops_cross, nicolae_overflow_crystal_walls,
          ebering_ghost_reflecting_pool, uniq_grinder
D:5:      layout_cave_pods, chequers_serial_rivers_micro_d, uniq_pikel
D:6:      layout_rooms, minmay_temple_entry_large_hall,
          kennysheep_generic_room_14
D:7:      layout_rooms, mainiacjoe_overflow_tiny_flanked,
          chequers_temple_overflow_statue_of_worship, gammafunk_ghost_split,
          dk_rats_in_the_wall, uniq_crazy_yiuf_cottage
D:8:      layout_loops_cross, lemuel_crystal_altar, lemuel_crystal_altar,
          minmay_manual_mandibuliform
D:9:      layout_roguey, kennysheep_mini_moat, marbit_many_paths,
          minmay_lair_entry_grove, minmay_diamond_spiral
Temple:   corrupted_temple
Lair:1:   layout_loops_ring, infiniplex_staircase_pool, grunt_megastairs_3,
          uniq_fannar

Skill      XL: |  1  2  3  4  5  6  7  8  9 10 11 |
---------------+----------------------------------+-----
Stealth        | 1 3 4 6 8 11 12 14 | 14.5
Dodging        | 3 4 6 |  6.0
Fighting       | 3 4 5 |  5.5
Short Blades   | 1 3 4 |  4.1
Polearms       | 3 4 |  4.5
Shields        | 1 2 |  2.7
Throwing       | 2 3 |  3.6
Staves         | 3 5 6 |  6.1
Translocations | 4 5 |  5.0
Spellcasting   | 3 |  3.5
Maces & Flails | |  0.9

Action                   |  1- 3 |  4- 6 |  7- 9 | 10-12 || total
-------------------------+-------+-------+-------+-------++-------
Melee: Spear             |   124 |    63 |     5 |       ||   192
       Constrict         |    34 |    19 |    19 |    24 ||    96
       Tentacles         |    25 |    11 |    35 |    60 ||   131
       Dagger            |    18 |    24 |       |       ||    42
       Rapier            |       |       |    68 |       ||    68
       Quarterstaff      |       |       |    57 |   174 ||   231
       Whip              |       |       |       |    24 ||    24
Throw: Boomerang         |       |       |     8 |    10 ||    18
       Dart              |       |       |       |    20 ||    20
       Throwing net      |       |       |       |     6 ||     6
       Javelin           |       |       |       |     5 ||     5
 Cast: Blink             |       |       |       |    25 ||    25
  Use: Scroll            |     5 |     5 |    10 |     3 ||    23
       Potion            |     1 |     1 |       |     2 ||     4
 Stab: Sleeping          |     3 |     9 |    13 |     6 ||    31
       Distracted        |       |       |     3 |     2 ||     5
Armor: Skin              |       |     4 |     2 |     5 ||    11
Dodge: Dodged            |    38 |    32 |    96 |   130 ||   296
Block: Other             |     8 |    16 |    27 |    39 ||    90
       Reflection        |       |       |     1 |     2 ||     3

Table legend: (Time is in decaauts)
 A = Elapsed time spent in this place.
 B = Non-inter-level travel time spent in this place.
 C = Inter-level travel time spent in this place.
 D = Time resting spent in this place.
 E = Time spent auto-exploring this place.
 F = Levels seen in this place.
 G = Mean time per level.
                   A        B        C        D        E       F      G
               +--------+--------+--------+--------+--------+-----+--------+
         Total |  13073 |  13073 |      0 |   5233 |      0 |  11 | 1188.5 |
       Dungeon |  12964 |  12964 |      0 |   5233 |      0 |   9 | 1440.4 |
        Temple |     61 |     61 |      0 |      0 |      0 |   1 |   61.0 |
          Lair |     46 |     46 |      0 |      0 |      0 |   1 |   46.0 |
               +--------+--------+--------+--------+--------+-----+--------+

Top non-repeatable levels by time:
     D:6: 2304 daAuts
     D:8: 1861 daAuts
     D:7: 1549 daAuts
     D:3: 1433 daAuts
     D:1: 1284 daAuts
     D:5: 1250 daAuts
     D:4: 1136 daAuts
     D:9: 1133 daAuts
     D:2: 1010 daAuts
  Temple: 61 daAuts
  Lair:1: 46 daAuts
